AoeStats
← Emperor_Napoleon

African Clearing

510768909Analyzed
2v2 RM · 24h ago on Oct 2, 2026· 22m 31s· 4 players
Game mode
Random Map
Map size
Medium (4 player)
Population
200
Speed
Normal
Resources
Standard
Victory
Conquest
Starting age
Dark Age
Ending age
Imperial Age
RankedLock teamsTeams togetherTeam positionsShared explorationLock speedFull tech treeHidden civsTurbo modeCheats
Victory
Defeat
🇨🇳 Dravidians · China
1829
+16
🇨🇳 Poles · China
1776
+18
🇩🇪 Burgundians · Germany
1819
-17
🇨🇭 Ethiopians · Switzerland
1816
-17
Emperor_Napoleon
4:30 Loom
13:24 Feudal Age
17:27 Castle Age
16:56 Fletching
17:25 Town Watch
18:18 Double-Bit Axe
19:26 Bow Saw
21:16 Bodkin Arrow
老愛國
11:12 Feudal Age
9:47 Loom
11:55 Double-Bit Axe
14:46 Forging
16:02 Scale Barding Armor
20:09 Castle Age
19:43 Bloodlines
20:19 Horse Collar
20:55 Gold Mining
21:32 Husbandry
21:38 Heavy Plow
22:23 Bow Saw
[V-VI] LemonJack
9:41 Loom
12:09 Feudal Age
12:37 Double-Bit Axe
13:27 Town Watch
19:21 Fletching
[V-VI] Annotoph
5:19 Double-Bit Axe
10:59 Loom
13:48 Feudal Age
17:50 Castle Age
Connection lost

Rejoining the realm…

Still unreachable

The connection could not be restored.

Session expired

The server has moved on; the page needs a fresh start.